 Dungeon Crawl Stone Soup version 0.24.0-13-gcf9b3192b9 (webtiles) character file.

Game seed: 14442672318505138316, levelgen mode: deterministic

63 Arum the Ducker (level 3, 0/28 HPs)
             Began as a Demonspawn Gladiator on Nov 6, 2019.
             Was an Initiate of Makhleb.
             Killed from afar by an orc wizard (7 damage)
             ... with a magic dart
             ... on level 3 of the Dungeon.
             The game lasted 00:02:25 (1632 turns).

Arum the Ducker (Demonspawn Gladiator)              Turns: 1632, Time: 00:02:26

Health: 0/28       AC:  5    Str: 14    XL:     3   Next: 89%
Magic:  3/3        EV: 13    Int:  9    God:    Makhleb [......]
Gold:   82         SH:  0    Dex: 15    Spells: 2/2 levels left

rFire    . . .     SeeInvis .   a - +0 long sword
rCold    . . .     Gourm    .   (no shield)
rNeg     . . .     Faith    .   b - +0 leather armour
rPois    .         Spirit   .   c - +0 helmet
rElec    .         Reflect  .   e - +0 cloak
rCorr    .         Harm     .   (no gloves)
MR       .....                  (no boots)
Stlth    +.........             (no amulet)
HPRegen  0.09/turn              (no ring)
MPRegen  0.08/turn              (no ring)

@: no status effects
A: claws 1
a: Renounce Religion


You were on level 3 of the Dungeon.
You worshipped Makhleb.
Makhleb was noncommittal.
You were not hungry.

You visited 1 branch of the dungeon, and saw 3 of its levels.

You collected 82 gold pieces.

Inventory:

Hand Weapons
 a - a +0 long sword (weapon)
Missiles
 d - 3 throwing nets (quivered)
 l - 3 boomerangs
Armour
 b - a +0 leather armour (worn)
 c - a +0 helmet (worn)
 e - a +0 cloak (worn)
Scrolls
 g - a scroll of magic mapping {unknown}
 h - a scroll of blinking {unknown}
 i - 4 scrolls of identify {unknown}
 m - a scroll of random uselessness {unknown}
Comestibles
 f - 5 rations
 k - 4 chunks of flesh


   Skills:
 + Level 2.7 Fighting
 + Level 3.2 Long Blades
 - Level 1.7 Throwing
 + Level 3.2 Dodging
 + Level 1.0 Unarmed Combat


You had 2 spell levels left.
You didn't know any spells.
Your spell library was empty.

Dungeon Overview and Level Annotations

Branches:
Dungeon (3/15)

Altars:
Makhleb


Innate Abilities, Weirdness & Mutations

You have sharp fingernails.


Message History

You bump into the rock wall.
Something hits you but does no damage.
It was a potion of heal wounds.
You feel much better. Something hits you but does no damage.
You miss something.
You feel less confused. Something hits you.
You closely miss something. Something hits you. x2
You miss something. Something hits you.
You closely miss something. Something hits you but does no damage.
You miss something. Something hits you.
You completely miss something. Something hits you but does no damage.
Something hits you.
You barely miss something. Something hits you.
* * * LOW HITPOINT WARNING * * *
You hit something. Something hits you but does no damage.
You hit something but do no damage.
You hear some strange, mumbled words.
A magic dart appears from out of thin air!
The magic dart hits you!
You die...

..%....... ........
....... ..... .Kro..
oo#.? #.#.# # #@#.# ..
#.#.# .# #.#.# #...#
##########..###
########>............#
.........########....#
########## ##.....###
##..##..#


You could see 3 orcs, a kobold and a rat.

Vanquished Creatures
  3 adders
  An ooze (D:1)
  A dart slug (D:3)
  2 leopard geckos (D:1)
  2 orcs (D:3)
  5 bats
  A giant cockroach (D:1)
  2 hobgoblins
  3 kobolds
  2 goblins (D:1)
  7 rats
29 creatures vanquished.

Notes
Turn   | Place    | Note
-------+----------+-------------------------------------------
     0 | D:1      | Arum the Demonspawn Gladiator began the quest for the Orb.
     0 | D:1      | Reached XP level 1. HP: 16/16 MP: 1/1
   215 | D:1      | Gained mutation: You have sharp fingernails. [demonic
                  | ancestry]
   215 | D:1      | Reached XP level 2. HP: 22/22 MP: 2/2
   660 | D:2      | Reached XP level 3. HP: 21/28 MP: 3/3
   741 | D:2      | You fall into a shaft and drop 1 floor!
   818 | D:3      | HP: 1/28 [poisoned by an adder]
  1320 | D:3      | Reached skill level 1 in Unarmed Combat
  1480 | D:3      | Found a burning altar of Makhleb.
  1482 | D:3      | Noticed a green death
  1486 | D:3      | Noticed a neqoxec
  1486 | D:3      | Noticed a neqoxec
  1488 | D:3      | Became a worshipper of Makhleb the Destroyer
  1632 | D:3      | Killed from afar by an orc wizard

Levels and vault maps discovered:
D:1:      wander_arrival_lonely_grave, layout_loops_cross
D:2:      layout_rooms
D:3:      layout_rooms, first_ration, makhleb_altar_promises_db

Skill      XL: |  1  2  3 |
---------------+----------+-----
Dodging        | 3 |  3.2
Long Blades    | 3 |  3.2
Unarmed Combat | 1 |  1.0
Fighting       | |  2.7
Throwing       | |  1.7

Action                   || total
-------------------------++-------
Melee: Long sword        ||   105
  Use: Potion            ||     1
 Stab: Sleeping          ||     1
  Eat: Chunk             ||     2
Armor: Leather armour    ||    40
Dodge: Dodged            ||    74
       Rpst.: Long sword ||    25
